 Dungeon Crawl Stone Soup version 0.22-a0-443-g17c3723 (webtiles) character file.

65 Ijustatesigmund the Skirmisher (level 4, -5/49 HPs)
             Began as an Ogre Hunter on May 31, 2018.
             Slain by a river rat (7 damage)
             ... in a sewer.
             The game lasted 00:04:48 (2425 turns).

Ijustatesigmund the Skirmisher (Ogre Hunter)        Turns: 2425, Time: 00:04:49

Health: -5/49      AC:  3    Str: 16    XL:     4   Next: 13%
Magic:  4/4        EV: 10    Int: 12    God:
Gold:   93         SH:  0    Dex: 10    Spells: 3/3 levels left

rFire    . . .     SeeInvis .   a - +0 whip
rCold    . . .     Gourm    .   (no shield)
rNeg     . . .     Faith    .   b - +0 robe
rPois    .         Spirit   .   (helmet restricted)
rElec    .         Reflect  .   (no cloak)
rCorr    .         Harm     .   (gloves unavailable)
MR       .....                  (boots unavailable)
Stlth    +.........             (no amulet)
HPRegen  0.16/turn              l - ring of flight
MPRegen  0.09/turn              (no ring)

@: no status effects
A: large, unfitting armour, tough skin 1
a: Evoke Flight


You were in a sewer.
You were not hungry.

You visited 1 branch of the dungeon, and saw 4 of its levels.
You also visited: Sewer.

You collected 93 gold pieces.

Inventory:

Hand Weapons
 a - a +0 whip (weapon)
Missiles
 c - 2 large rocks (quivered)
 d - 2 throwing nets
Armour
 b - a +0 robe (worn)
Jewellery
 l - a ring of flight (left hand)
Scrolls
 e - a scroll of remove curse
 i - a scroll of identify {unknown}
 j - a scroll of amnesia {unknown}
 k - a scroll of enchant armour {unknown}
Comestibles
 f - 3 rations


   Skills:
 + Level 4.5 Fighting
 + Level 2.1 Maces & Flails
 - Level 4.0 Throwing
 - Level 1.7 Dodging
 - Level 0.6 Stealth


You had 3 spell levels left.
You didn't know any spells.
Your spell library was empty.

Dungeon Overview and Level Annotations

Branches:
Dungeon (4/15)
 Temple: D:4-7

Altars:

Annotations:
D:2 Robin
D:3 azzavlup's ghost, amateur DsAK


Innate Abilities, Weirdness & Mutations

You are too large for most types of armour.
You have tough skin. (AC +1)


Message History

The river rat bites you.
You barely miss the river rat.
The river rat is severely wounded.
The river rat closely misses you. The river rat bites you.
* * * LOW HITPOINT WARNING * * *
You hit the river rat.
The river rat is almost dead.
The river rat bites you.
* * * LOW HITPOINT WARNING * * *
The river rat closely misses you.
You barely miss the river rat.
The river rat is almost dead.
The river rat bites you.
* * * LOW HITPOINT WARNING * * *
The river rat barely misses you.
You aren't carrying any potions.
You hit the river rat but do no damage.
The river rat is almost dead.
The river rat closely misses you. The river rat bites you!
You die... ############### ≈......rrr@rr.# ###############

You could see 4 river rats and a rat.

Vanquished Creatures
  4 dart slugs
  A leopard gecko (D:2)
  2 orcs (D:3)
  4 giant cockroaches
  8 hobgoblins
  A quokka (D:2)
  5 bats
  4 frilled lizards
  15 goblins
  2 kobolds (D:1)
  A rat (D:1)
47 creatures vanquished.

Notes
Turn   | Place    | Note
-------+----------+-------------------------------------------
     0 | D:1      | Ijustatesigmund the Ogre Hunter began the quest for the Orb.
     0 | D:1      | Reached XP level 1. HP: 22/22 MP: 1/1
   506 | D:1      | Reached XP level 2. HP: 31/31 MP: 2/2
   565 | D:1      | Reached skill level 1 in Maces & Flails
   818 | D:1      | Reached XP level 3. HP: 8/39 MP: 3/3
  1759 | D:2      | Noticed Robin
  2214 | D:3      | Noticed a sky beast
  2349 | D:3      | Reached XP level 4. HP: 49/49 MP: 4/4
  2361 | D:3      | Noticed azzavlup's ghost (amateur DsAK)
  2394 | D:4      | Found a glowing drain.
  2408 | Sewer    | Entered a sewer
  2424 | Sewer    | HP: 1/49 [river rat (6)]
  2425 | Sewer    | Slain by a river rat

Vault maps used:
D:1:      shiori_arrival_oz, minmay_misc_feat_square, minmay_tetromino_t4
D:2:      old_standard_altar, serial_forest, infiniplex_forest_straight_3,
          infiniplex_forest_clump_small, infiniplex_forest_clump_cross,
          infiniplex_forest_corner_2, infiniplex_forest_clump_small,
          infiniplex_forest_clump_small, infiniplex_forest_lined_2,
          grunt_dithmenos_smoke_and_mirrors, uniq_robin
D:3:      kiku_gazebo_garden_becter
D:4:      cheibrodos_sewer_entry_drain, enter_ossuary_1, first_ration,
          uniq_sigmund
Sewer:    sewer_kobolds

Skill      XL: |  1  2  3 |
---------------+----------+-----
Fighting       | 3 4 |  4.5
Maces & Flails | 1 2 |  2.1
Throwing       | |  4.0
Dodging        | |  1.7
Stealth        | |  0.6

Action                   |  1- 3 |  4- 6 || total
-------------------------+-------+-------++-------
Melee: Short sword       |    17 |       ||    17
       Whip              |   174 |    38 ||   212
Throw: Large rock        |    10 |       ||    10
  Use: Scroll            |     3 |       ||     3
       Potion            |       |     1 ||     1
 Stab: Sleeping          |     2 |       ||     2
  Eat: Chunk             |     3 |       ||     3
       Ration            |     1 |       ||     1
Armor: Robe              |    77 |     8 ||    85
Dodge: Dodged            |   124 |    24 ||   148

Table legend:
 A = Spawn XP
 B = Non-spawn XP
 C = Spawn XP percentage of total XP
 D = Spawn monster count
 E = Non-spawn monster count
 F = Spawn count percentage of total count
 G = Total turns spent on level
                    A         B        C        D         E        F      G
               +---------+---------+-------+---------+---------+-------+---------
         Total |       0 |      93 |   0.0 |       0 |      47 |   0.0 |  2425
               +---------+---------+-------+---------+---------+-------+---------
           D:1 |       0 |      51 |   0.0 |       0 |      27 |   0.0 |  1148
           D:2 |       0 |      14 |   0.0 |       0 |       8 |   0.0 |   626
           D:3 |       0 |      26 |   0.0 |       0 |      11 |   0.0 |   620
           D:4 |       0 |       2 |   0.0 |       0 |       1 |   0.0 |    14
               +---------+---------+-------+---------+---------+-------+---------
